 Dungeon Crawl Stone Soup version 0.25-a0-410-g53dbb631d1 (webtiles) character file.

Game seed: 1412806158214908373, levelgen mode: deterministic

2970 ReteAZ the Grappler (level 9, -1/80 HPs)
             Began as a Troll Fighter on Jan 13, 2020.
             Was an Elder of Cheibriados.
             Slain by Grum
             ... wielding a +1 spear of venom
              (8 damage)
             ... on level 8 of the Dungeon.
             The game lasted 00:05:55 (5410 turns).

ReteAZ the Grappler (Troll Fighter)                 Turns: 5410, Time: 00:05:56

Health: -1/80      AC:  6    Str: 36    XL:     9   Next: 52%
Magic:  8/8        EV:  9    Int: 13    God:    Cheibriados [****..]
Gold:   270        SH: 11    Dex: 20    Spells: 8/8 levels left

rFire    . . .     SeeInvis .     - Unarmed
rCold    + . .     Gourm    +   b - +0 shield
rNeg     . . .     Faith    .   a - +0 robe
rPois    .         Spirit   .   C - +0 hat
rElec    .         Reflect  .   (no cloak)
rCorr    .         Harm     .   (gloves unavailable)
MR       .....                  (boots unavailable)
Stlth    ++........             r - amulet of regeneration
HPRegen  1.03/turn              u - ring of protection from cold
MPRegen  0.11/turn              (no ring)

@: lethally poisoned (-1 -> -8), very slow
A: large, unfitting armour, claws 3, fast metabolism 3, gourmand, regeneration
1, shaggy fur 1, tough skin 3
a: Bend Time, Temporal Distortion, Slouch, Renounce Religion


You were on level 8 of the Dungeon.
You worshipped Cheibriados.
Cheibriados was greatly pleased with you.
You were completely stuffed.

You visited 1 branch of the dungeon, and saw 8 of its levels.

You collected 474 gold pieces.
You spent 204 gold pieces at shops.

Inventory:

Armour
 a - a +0 robe (worn)
 b - a +0 shield (worn)
 C - a +0 hat (worn)
Jewellery
 r - an amulet of regeneration (around neck)
 u - a ring of protection from cold (left claw)
 v - an uncursed amulet of the gourmand
 x - an uncursed amulet of faith
Wands
 t - a wand of acid (10)
 y - a wand of digging (4)
 z - a wand of polymorph (7)
Scrolls
 e - 5 scrolls of remove curse {unknown}
 f - 3 scrolls of amnesia {unknown}
 g - 8 scrolls of identify
 k - 4 scrolls of teleportation
 l - 3 scrolls of blinking
 n - 2 scrolls of random uselessness {unknown}
 o - a scroll of fear {unknown}
 p - 3 scrolls of enchant armour
 B - a scroll of immolation {unknown}
Potions
 c - 2 potions of might
 h - a potion of curing {unknown}
 i - 3 potions of flight {unknown}
 j - 4 potions of agility {unknown}
 m - a potion of lignification {unknown}
 q - 2 potions of mutation {unknown}
 s - 5 potions of heal wounds {unknown}
 w - a potion of brilliance {unknown}
 A - a potion of resistance {unknown}
 D - a potion of berserk rage {unknown}
Comestibles
 d - 16 rations


   Skills:
 - Level 2.4 Fighting
 - Level 2.4 Dodging
 - Level 2.4 Shields
 * Level 13.0 Unarmed Combat


You had 8 spell levels left.
You didn't know any spells.
Your spell library contained the following spells:

 Spells                   Type           Power        Failure   Level  Hunger
 Foxfire                  Conj/Fire      #...         77%         1    ##.....
 Sting                    Tmut/Pois      #...         77%         1    ##.....
 Poisonous Vapours        Pois/Air       #.....       88%         2    ###....
 Conjure Flame            Conj/Fire      #.......     98%         3    ####...
 Ignite Poison            Fire/Tmut/Pois #.......     98%         3    ####...
 Inner Flame              Hex/Fire       #.......     98%         3    ####...
 Mephitic Cloud           Conj/Pois/Air  #.......     98%         3    ####...
 Olgreb's Toxic Radiance  Pois           #.......     100%        4    #####..
 Sticky Flame             Conj/Fire      #.......     100%        4    #####..
 Fireball                 Conj/Fire      #.........   100%        5    ######.


Dungeon Overview and Level Annotations

Branches:
Dungeon (8/15)             Temple (0/1) D:6            Lair (0/6) D:8

Altars:
Ashenzari
Cheibriados
Elyvilon
Gozag
Kikubaaqudgha
Makhleb
Okawaru
Sif Muna
Vehumet
Wu Jian
Xom
Yredelemnul

Shops:
D:8 ?

Annotations:
D:8 Grum


Innate Abilities, Weirdness & Mutations

You are too large for most types of armour.
You have claws for hands.
Your metabolism is lightning-fast.
You like to eat raw meat.
Your natural rate of healing is unusually fast.
You are covered in fur. (AC +1)
You have extremely tough skin. (AC +3)


Message History

You see here a wolf corpse.
You mangle Grum!!
Grum is heavily wounded.
You block the komodo dragon's attack. The wolf bites you!
You claw Grum!
Grum is severely wounded.
You feel sick.
The plant looks more healthy.
You block Grum's attack. You block the wolf's attack.
The komodo dragon bites you!!
* * * LOW HITPOINT WARNING * * *
Unknown command.
Your shield prevents you from hitting Grum.
Grum is severely wounded.
The wolf misses you. Grum hits you with a +1 spear of venom!
* * * LOW HITPOINT WARNING * * *
You are lethally poisoned!
* * * LOW HITPOINT WARNING * * *
You feel very sick. You block the wolf's attack.
Grum hits you from afar with a +1 spear of venom!
You die...

.##......##)...##
........##...###
.##............##
.#........###...##
..........##PP...## ##
#.........#PPP....# ..##
#.........#PPP$.=.#....#
###.... #PPPP.........
#PPP.h@..#...
#P..gl........ .
#P....P.......
#P.>..P....#..
#...P...#..# #
#PPP.P..#..#


##PPPPP## .# ####### .. You could see a komodo dragon, Grum and a wolf.

Vanquished Creatures
  Pikel (D:7)
  The ghost of DerDa the Magician, a novice GrEE of Sif Muna (D:7)
  An orc warrior (D:8)
  A sky beast (D:5)
  4 ogres
  A slave (D:7)
  An eye of draining (D:8)
  A wolf (D:8)
  A centaur (D:7)
  2 bullfrogs (D:8)
  A wyvern zombie (D:8)
  4 scorpions
  A crimson imp (D:5)
  A centaur zombie (D:5)
  A hound (D:4)
  A gnoll shaman (D:7)
  7 orc priests
  3 orc wizards
  2 iguanas
  5 worker ants
  A killer bee zombie (D:6)
  A hound zombie (D:5)
  A howler monkey skeleton (D:7)
  10 adders
  8 gnolls
  A shadow imp (D:5)
  2 oozes
  3 worms (D:2)
  2 dart slugs
  2 leopard geckos
  21 orcs
  3 ball pythons
  8 bats
  5 giant cockroaches
  5 goblins
  5 hobgoblins
  8 jackals
  7 quokkas
  4 frilled lizards
  A giant cockroach zombie (D:6)
  10 kobolds
  2 quokka skeletons
  7 rats
157 creatures vanquished.

Vanquished Creatures (others)
  11 plants (D:8)
11 creatures vanquished.

Grand Total: 168 creatures vanquished

Notes
Turn   | Place    | Note
-------+----------+-------------------------------------------
     0 | D:1      | ReteAZ the Troll Fighter began the quest for the Orb.
     0 | D:1      | Reached XP level 1. HP: 22/22 MP: 0/0
   145 | D:1      | Reached XP level 2. HP: 18/29 MP: 1/1
   152 | D:1      | Reached skill level 3 in Unarmed Combat
  1157 | D:1      | Reached XP level 3. HP: 36/36 MP: 2/2
  1231 | D:2      | Found an ornate altar of the Wu Jian Council.
  1308 | D:2      | Found an ancient bone altar of Kikubaaqudgha.
  1458 | D:2      | Reached skill level 4 in Unarmed Combat
  1608 | D:2      | Reached XP level 4. HP: 44/44 MP: 3/3
  1708 | D:2      | Found a shattered altar of Ashenzari.
  1929 | D:2      | Found a snail-covered altar of Cheibriados.
  1948 | D:2      | Became a worshipper of Cheibriados the Contemplative
  2320 | D:3      | Reached skill level 5 in Unarmed Combat
  2335 | D:3      | Reached XP level 5. HP: 40/50 MP: 4/4
  2474 | D:3      | Reached * piety under Cheibriados
  2702 | D:3      | Reached skill level 6 in Unarmed Combat
  2898 | D:4      | Reached XP level 6. HP: 59/59 MP: 5/5
  2967 | D:4      | Reached ** piety under Cheibriados
  3099 | D:4      | Found a white marble altar of Elyvilon.
  3109 | D:4      | Reached skill level 7 in Unarmed Combat
  3284 | D:4      | Found a shimmering blue altar of Sif Muna.
  3331 | D:4      | Found a radiant altar of Vehumet.
  3539 | D:5      | Entered Level 5 of the Dungeon
  3543 | D:5      | Reached XP level 7. HP: 66/66 MP: 6/6
  3563 | D:5      | Reached skill level 8 in Unarmed Combat
  3779 | D:5      | Reached skill level 9 in Unarmed Combat
  3928 | D:5      | Reached XP level 8. HP: 74/74 MP: 7/7
  4036 | D:6      | Found an opulent altar of Gozag.
  4190 | D:6      | Reached *** piety under Cheibriados
  4238 | D:6      | Found a staircase to the Ecumenical Temple.
  4259 | D:6      | Found a burning altar of Makhleb.
  4455 | D:7      | Found an iron altar of Okawaru.
  4519 | D:7      | Reached skill level 10 in Unarmed Combat
  4616 | D:7      | Found a basalt altar of Yredelemnul.
  4944 | D:7      | Found a shimmering altar of Xom.
  4979 | D:7      | Noticed Pikel
  4999 | D:7      | Killed Pikel
  4999 | D:7      | Reached skill level 11 in Unarmed Combat
  5067 | D:7      | Found a large runed translucent door.
  5068 | D:7      | Found a large runed translucent door.
  5068 | D:7      | Noticed DerDa's ghost (novice GrEE)
  5150 | D:7      | Killed DerDa's ghost
  5150 | D:7      | Reached skill level 12 in Unarmed Combat
  5150 | D:7      | Reached XP level 9. HP: 49/80 MP: 8/8
  5340 | D:8      | Found Ovaibosah's Magic Scroll Emporium.
  5356 | D:8      | Reached **** piety under Cheibriados
  5369 | D:8      | Bought a scroll of identify for 24 gold pieces
  5369 | D:8      | Bought a scroll of blinking for 90 gold pieces
  5369 | D:8      | Bought a scroll of enchant armour for 90 gold pieces
  5398 | D:8      | Found a staircase to the Lair.
  5398 | D:8      | Noticed Grum
  5398 | D:8      | Noticed a komodo dragon
  5405 | D:8      | Reached skill level 13 in Unarmed Combat
  5410 | D:8      | Slain by Grum

Levels and vault maps discovered:
D:1:      dpeg_arrival_boxorama, layout_basic
D:2:      layout_loops_corners, lemuel_doored_altar, overflow_temple_1_default,
          nicolae_overflow_crystal_walls, lemuel_coloured_pillars_altar,
          first_ration, kennysheep_generic_room_14
D:3:      layout_basic
D:4:      layout_basic, lemuel_round_altar, tgw_sif, kennysheep_little_box,
          st_stairs_9
D:5:      layout_rooms
D:6:      layout_rooms, overflow_temple_1_default, overflow_temple_1_default,
          minmay_temple_entry_sparse_star
D:7:      layout_loops_ring, lemuel_crystal_altar, yredelemnul_altar_generic,
          okawaru_gym_becter, ebering_ghost_disaster_area, grunt_ogre_cave,
          uniq_pikel
D:8:      layout_cave_pools, nicolae_overflow_hidden_temple,
          david_lair_shrubbed, serial_shops, shop,
          hangedman_abyss_or_decor_stabs, minivault_10, uniq_grum

Skill      XL: |  1  2  3  4  5  6  7  8  9 |
---------------+----------------------------+-----
Unarmed Combat | 3 4 5 6 7 9 12 13 | 13.0
Fighting       | |  2.4
Dodging        | |  2.4
Shields        | |  2.4

Action                   |  1- 3 |  4- 6 |  7- 9 || total
-------------------------+-------+-------+-------++-------
Melee: Unarmed           |   135 |   155 |   167 ||   457
  Use: Scroll            |       |       |     4 ||     4
       Potion            |       |       |     1 ||     1
 Stab: Sleeping          |       |       |     2 ||     2
  Eat: Chunk             |    17 |    16 |    14 ||    47
Armor: Robe              |    43 |    45 |    38 ||   126
       Skin              |       |       |     2 ||     2
Dodge: Dodged            |    60 |    37 |    70 ||   167
Block: Shield            |    60 |    68 |    96 ||   224

Table legend:
 A = Non-vault XP
 B = Vault XP
 C = Vault XP percentage of total XP
 D = Non-vault monster count
 E = Vault monster count
 F = Vault count percentage of total count
                 A         B        C        D         E       F
            +---------+---------+-------+---------+---------+-------
      Total |    2741 |    1503 |  35.4 |     148 |       8 |   5.1
            +---------+---------+-------+---------+---------+-------
        D:1 |      41 |       0 |   0.0 |      21 |       0 |   0.0
        D:2 |      91 |       5 |   5.2 |      25 |       2 |   7.4
        D:3 |     219 |       0 |   0.0 |      32 |       0 |   0.0
        D:4 |     301 |      45 |  13.0 |      13 |       2 |  13.3
        D:5 |     737 |       0 |   0.0 |      19 |       0 |   0.0
        D:6 |     202 |       0 |   0.0 |      14 |       0 |   0.0
        D:7 |     384 |    1342 |  77.8 |      14 |       3 |  17.6
        D:8 |     766 |     111 |  12.7 |      10 |       1 |   9.1
            +---------+---------+-------+---------+---------+-------
